 Dungeon Crawl Stone Soup version 0.30-a0-553-g7fabdf1491 (webtiles) character file.

Game seed: 16931519411031932167

24 Newt the Ducker (level 2, 0/22 HPs)
             Began as a Demonspawn Gladiator on Dec 26, 2022.
             Slain by a goblin
             ... wielding a +0 dagger
             ... led by Robin
              (3 damage)
             ... on level 2 of the Dungeon.
             The game lasted 00:01:10 (965 turns).

Newt the Ducker (Demonspawn Gladiator)               Turns: 965, Time: 00:01:11

Health: 0/22       AC:  3    Str: 14    XL:     2   Next: 79%
Magic:  2/2        EV: 12    Int:  9    God:
Gold:   0          SH:  0    Dex: 14    Spells: 1/1 levels left

rFire   . . .      SeeInvis .    g - +0 dagger (venom)
rCold   . . .      Faith    .    (no shield)
rNeg    . . .      Spirit   .    b - +0 leather armour
rPois   .          Reflect  .    (helmet restricted)
rElec   .          Harm     .    j - scarf {repulsion}
rCorr   .          Rampage  .    (no gloves)
Will    .....                    (no boots)
Stlth   ++                       (no amulet)
HPRegen 0.23/turn                (no ring)
MPRegen 0.08/turn                (no ring)

@: repel missiles
A: antennae 1
a: no special abilities


You were on level 2 of the Dungeon.
You visited 1 branch of the dungeon, and saw 2 of its levels.

You collected 54 gold pieces.
You spent 54 gold pieces at shops.

Inventory:

Hand Weapons
 a - a +0 rapier
 g - a +0 dagger of venom (weapon)
Missiles
 d - 3 throwing nets (quivered)
 e - a javelin
Armour
 b - a +0 leather armour (worn)
 c - a +0 helmet
 j - a scarf of repulsion (worn)
 p - a +0 tower shield
Scrolls
 f - a scroll of fear {unknown}
 h - 3 scrolls of poison {unknown}
 i - a scroll of blinking {unknown}
 l - a scroll of fog {unknown}
 m - a scroll of vulnerability {unknown}
 n - a scroll of amnesia {unknown}
Potions
 k - a potion of curing {unknown}
 o - 2 potions of brilliance {unknown}


   Skills:
 - Level 2.0 Fighting
 - Level 2.6 Short Blades
 - Level 1.7 Throwing
 - Level 2.6 Dodging
 * Level 2.5 Stealth


You had one spell level left.
You didn't know any spells.
Your spell library was empty.

Dungeon Overview and Level Annotations

Branches:
Dungeon (2/15)

Altars:

Shops:
D:2 *

Annotations:
D:2 Robin


Innate Abilities, Weirdness & Mutations

You have a pair of small antennae on your head.


Message History

You hear a shout!
You hit the hobgoblin.
The hobgoblin looks as sick as possible!
The hobgoblin is severely wounded.
You kill the hobgoblin!
Robin throws the goblin at you!
The goblin unwields a +0 sling.
The goblin wields a +0 dagger.
The goblin hits you with a +0 dagger.
There is an open door here.
Things that are here:
a +0 dagger; a ball python corpse The goblin attacks as you move away!
The goblin completely misses you.
You hit the goblin.
The goblin is moderately wounded.
The goblin misses you.
Robin roars a battlecry!
The goblins go into a battle-frenzy!
You barely miss the goblin.
The goblin is moderately wounded.
The goblin hits you with a +0 dagger.
You miss the goblin.
The goblin is moderately wounded.
The goblin misses you.
You completely miss the goblin.
The goblin is moderately wounded.
Robin is no longer unusually resistant.
A hobgoblin comes into view.
The goblin hits you with a +0 dagger.
You hit the goblin but do no damage.
The goblin is moderately wounded.
Robin throws the goblin at you!
* * * LOW HITPOINT WARNING * * *
A hobgoblin comes into view.
The goblin closely misses you. The goblin hits you with a +0 dagger.
* * * LOW HITPOINT WARNING * * *
You completely miss the goblin.
The goblin shouts!
The goblin hits you with a +0 dagger.
* * * LOW HITPOINT WARNING * * *
The goblin hits you with a +0 dagger.
You die...

##### #...## ###'#..##
#8#.##..# #####.###.#
#.'..∩g@g.######
#.###.###g.....##
#...#.#8........##
#...#+#..........#
#...........g....#
#..........g.g...#
#................# ##
#................######.
#.(.....................


You could see Robin, a hobgoblin (strong) and 4 goblins.

Vanquished Creatures
  A dart slug (D:1)
  2 endoplasms (D:1)
  2 giant cockroaches (D:1)
  4 goblins
  2 hobgoblins
  2 kobolds (D:1)
  A quokka (D:1)
  A ball python (D:2)
  5 rats
20 creatures vanquished.

Notes
Turn   | Place    | Note
-------+----------+-------------------------------------------
     0 | D:1      | Newt the Demonspawn Gladiator began the quest for the Orb.
     0 | D:1      | Reached XP level 1. HP: 16/16 MP: 1/1
   224 | D:1      | Reached skill level 1 in Stealth
   438 | D:1      | Gained mutation: You have a pair of small antennae on your
                  | head. [demonic ancestry]
   438 | D:1      | Reached XP level 2. HP: 21/22 MP: 2/2
   854 | D:2      | Found Ecvapp's General Store.
   871 | D:2      | Bought a +0 tower shield for 54 gold pieces
   921 | D:2      | Noticed Robin
   965 | D:2      | Slain by a goblin

Illustrated notes

Levels and vault maps discovered:
D:1:      amcnicky_arrival_single_pillar, layout_rooms, serial_curves,
          eino_curves_02, eino_curves_01, eino_curves_04, eino_curves_04
D:2:      layout_rooms, serial_shops, nicolae_shop_hallway_plus,
          kennysheep_generic_room_13, uniq_robin

Skill      XL: |  1  2 |
---------------+-------+-----
Stealth        | 1 2 |  2.5
Fighting       | |  2.0
Short Blades   | |  2.6
Throwing       | |  1.7
Dodging        | |  2.6

Action                   || total
-------------------------++-------
Melee: Rapier            ||    37
       Dagger            ||    39
       Punch             ||     2
Throw: Throwing net      ||     1
Armor: Leather armour    ||    16
Dodge: Dodged            ||    48

Table legend: (Time is in decaauts)
 A = Elapsed time spent in this place.
 B = Non-inter-level travel time spent in this place.
 C = Inter-level travel time spent in this place.
 D = Time resting spent in this place.
 E = Time spent auto-exploring this place.
 F = Levels seen in this place.
 G = Mean time per level.
                   A        B        C        D        E       F      G
               +--------+--------+--------+--------+--------+-----+--------+
         Total |    962 |    931 |     31 |    177 |    560 |   2 |  481.0 |
       Dungeon |    962 |    931 |     31 |    177 |    560 |   2 |  481.0 |
               +--------+--------+--------+--------+--------+-----+--------+

Top non-repeatable levels by time:
     D:1: 811 daAuts
     D:2: 150 daAuts
